Nifty Nev, neutral male scurrid Tourist }}}}}}}}}}}}}}}}}}} }}}}}}}}}}}} B }}}}}}}}}}}}}}}} }}}}}}}}B} }}}}}}}};}}< }}}}}}}} B B }`.}}}}..#.}}}}} # N B #..}}}}}.B.}}; # }}}......# #......}}}@B.# B }.}}}.}}...}}}}}.# B #.}B}}B....}}}}}}(# N .}}}}}}}}}}}}}#B }}}}}}}.%}}}}}}}}}}}B B l }}n...}}}}}}}}}}B}}}} # }}}}}}}}g;g}}}}.# o.....}}}}}}..}}}}}}}}}B}}}B}}}}} }}}g}}}}}}}.}}}.} n ' #..`}} #}}}}}}}}}}}...%}}}}}}}}} .}}}}}}}}}}}}}}...}} }..}B}}}}}}}}}.#.B.B}}}}}}}. n }}}}}}}}}}}.}}}}}} }}}}}}....}}}}B}} .}}.}}}}}}}}}} # }}}}}}}}}} }}}}}}}}}}}. #..}}}} B`}}}}}}..}}}}}. }}}}} }}}.}..}}}}}}} #..d..}} }}}}}B}..#.}}}}.# }}} #.}...}` #.#.}B }}.}}}}}}} ...}}.. B@ }..}}}. B B }B }}`..}}}}}} }}}}}}# s N ; }}}}}.. B .}} }}}}.#..t}}}} }}}}}} }}}}} }} }}}}} }.}}}}}} }}}}}} B }} }}} }}}}}} }}}}}}}} }}}}n}} Nifty Nev the Excursionist Experience level: 6 Strength: 11 Dexterity: 11 Constitution: 13 Intelligence: 15 Wisdom: 10 Charisma: 15 Health: 0(32) Energy: 20(20) Def: -1 Gold: 447 Moves: 2760 Dungeon seed: qSiyx-WZ3vswnMnP Game ID: Nifty Nev_1529585493 Your Inventory: Coins $ - 447 gold pieces Weapons a - 47 uncursed +2 darts (in quiver) B - 51 uncursed +0 darts X - 7 cursed -1 darts Armor e - an uncursed +0 Hawaiian shirt (being worn) N - a cursed -2 pair of speed boots (being worn) Comestibles b - 3 uncursed tripe rations c - 2 uncursed food rations d - 3 uncursed fortune cookies h - 2 uncursed pancakes i - 3 uncursed cloves of garlic G - an uncursed tin of yellow mold J - an uncursed lichen corpse Scrolls k - 4 uncursed scrolls of magic mapping p - an uncursed scroll of remove curse M - 2 uncursed scrolls of earth Potions s - an uncursed potion of water Rings x - an uncursed ring of slow digestion L - a cursed -1 ring of increase damage O - an uncursed ring of cold resistance P - an uncursed ring of see invisible T - an uncursed ring of polymorph control Z - a cursed ring of teleportation Wands v - an uncursed wand of striking (0:5) C - an uncursed wand of slow monster (0:6) D - an uncursed wand of create monster (0:13) E - an uncursed wand of striking (0:3) Q - an uncursed wand of secret door detection (0:12) R - an uncursed wand of fire (0:4) S - a blessed wand of striking (0:7) U - an uncursed wand of cancellation (0:7) V - an uncursed wand of cancellation (0:6) Tools l - an uncursed expensive camera (0:27) m - an uncursed credit card n - an uncursed towel o - an uncursed oil lamp (0:1048) F - an uncursed bag of holding W - an uncursed magic whistle Gems q - an uncursed luckstone Spells and supernatural/magical abilities: Name Level Category Fail Memory p - protection 1 clerical 3% 99% I - identify 3 divination 100% 99% W - pray for help -- divine ? -- Your skills at the end: Miscellaneous Skills wands [Basic] stealth [Expert] Weapon Skills dart [Basic] Spellcasting Skills Final Attributes: You were devoutly aligned. You were blinded. You had infravision. You were sensing the presence of monsters. You were very stealthy. You were very fast. You were lucky. You had extra luck. Bad luck did not time out for you. Good luck did not time out for you. You are dead (2nd time!). Vanquished creatures: 2 giant mimics a shrieker a red naga hatchling a guardian naga hatchling an elf zombie a puppy a kobold lord an iguana a centipede a jitterbug 2 gas spores an acid blob 3 large kobolds 3 geckos a hobgoblin 6 giant rats 2 brown molds 2 yellow molds a green mold a red mold a gnome 6 manes a gnome zombie 5 jackals a fox a kobold 2 newts 4 sewer rats 3 grid bugs 2 bats 6 lichens 65 creatures vanquished. Voluntary challenges: You did not cause conflict. You were not invisible. You did not have reflection. You were not displaced. You had been an atheist until turn 2675. You never hit with a wielded weapon. You did not apply a unicorn horn. You did not use plumbed fixtures. You read items or engraved 15 times, starting on turn 2533. You never genocided any monsters. You never polymorphed an object. You never changed form. You cheated 1 time but completed Sokoban on turn 2379. You used no wishes. You never split a pudding. You never wrote Elbereth's name. You never violated your personal moral code. Dungeon overview: The Dungeons of Doom: levels 1 to 22 Level 1 a long staircase Level 2 Level 3 Level 4 Level 5 Level 6 many fountains Level 7 stairs to Sokoban Level 8 Level 9 Level 10 a fountain Level 11 Level 12 Level 13 Level 14 Level 15 Level 16 Level 17 Level 18 Level 19 Level 20 Level 21 Level 22 <- You were here many trees Sokoban: levels 3 to 6 Level 3 a magic chest Level 4 Level 5 Level 6 a magic chest stairs to The Dungeons of Doom History has recorded: On T:1 you entered the Dungeons of Doom to retrieve the Amulet of Yendor! On T:10 you reached level 2 of The Dungeons of Doom. On T:16 you reached level 3 of The Dungeons of Doom. On T:30 you reached level 4 of The Dungeons of Doom. On T:37 you reached level 5 of The Dungeons of Doom. On T:43 you reached level 6 of The Dungeons of Doom. On T:60 you reached level 7 of The Dungeons of Doom. On T:73 you reached level 8 of The Dungeons of Doom. On T:114 you reached level 4 of Sokoban. On T:147 you opened a magic chest. On T:245 you advanced to experience level 2. On T:276 you advanced to experience level 3. On T:389 you reached level 3 of Sokoban. On T:936 you advanced to experience level 4. On T:950 you reached level 2 of Sokoban. On T:1573 you reached level 1 of Sokoban. On T:1805 you advanced to experience level 5. On T:2379 you entered the Sokoban zoo. On T:2402 you advanced to experience level 6. On T:2634 you reached level 9 of The Dungeons of Doom. On T:2641 you reached level 10 of The Dungeons of Doom. On T:2671 you reached level 11 of The Dungeons of Doom. On T:2674 you were saved from death by your amulet of life saving! On T:2675 you prayed to The Lady. On T:2681 you reached level 12 of The Dungeons of Doom. On T:2688 you reached level 13 of The Dungeons of Doom. On T:2693 you reached level 14 of The Dungeons of Doom. On T:2698 you reached level 15 of The Dungeons of Doom. On T:2698 you entered the Rogue tribute level. On T:2704 you reached level 16 of The Dungeons of Doom. On T:2710 you reached level 17 of The Dungeons of Doom. On T:2715 you reached level 18 of The Dungeons of Doom. On T:2722 you reached level 19 of The Dungeons of Doom. On T:2734 you reached level 20 of The Dungeons of Doom. On T:2750 you reached level 21 of The Dungeons of Doom. On T:2758 you reached level 22 of The Dungeons of Doom. Score breakdown: Gold: 0 ( 0 points) Experience: 6 levels ( 500 points) Exploration: 22 levels ( 630 points) Discoveries: 23 items ( 1150 points) Variety of kills: 31 monsters ( 1550 points) Major goal: finished Sokoban ( 1000 points) Survival: died (score multiplied by 3) Total score: 14490 Latest messages: You dig a hole through the floor. You fall through... You sense the presence of monsters. The raven is blinded by the flash! The raven turns to flee! The gremlin multiplies! A gush of water hits the raven's left wing! The water nymph picks up a small shield. The water nymph puts on a small shield. The raven is blinded by the flash! The raven pecks! The raven blinds you! The gremlin multiplies! The raven pecks! You die... The bag of holding is empty. The bag of holding is empty. Final status: Aloha Nifty Nev the Tourist, killed by a raven... You died in The Dungeons of Doom on dungeon level 22 with 14490 points, and 447 pieces of gold, after 2760 moves. You were level 6 with a maximum of 32 hit points when you died.